 Dungeon Crawl Stone Soup version 0.28.0 (webtiles) character file.

Game seed: 10853450593648120854

2356 harry2680 the Skirmisher (level 9, -4/79 HPs)
             Began as a Minotaur Fighter on Feb 17, 2022.
             Killed by divine providence
             ... invoked by an orc priest
              (8 damage)
             ... on level 7 of the Dungeon.
             The game lasted 00:22:07 (6664 turns).

harry2680 the Skirmisher (Minotaur Fighter)         Turns: 6664, Time: 00:22:08

Health: -4/79      AC: 13    Str: 26    XL:     9   Next: 20%
Magic:  8/8        EV: 10    Int: 11    God:
Gold:   266        SH:  5    Dex:  9    Spells: 8/8 levels left

rFire   . . .      SeeInvis .   j - +2 falchion
rCold   . . .      Faith    +   c - +0 buckler
rNeg    + . .      Spirit   .   z - +4 ring mail {rN+}
rPois   .          Reflect  .   (helmet restricted)
rElec   .          Harm     .   (no cloak)
rCorr   .          Rampage  .   (no gloves)
Will    +....                   n - +1 pair of boots {Fly}
Stlth   ..........              o - amulet of faith
HPRegen 0.23/turn               s - ring of willpower
MPRegen 0.11/turn               p - +6 ring of intelligence

@: flying
A: horns 2, retaliatory headbutt
a: no special abilities


You were on level 7 of the Dungeon.
You visited 1 branch of the dungeon, and saw 7 of its levels.
You also visited: Sewer.

You collected 266 gold pieces.

Inventory:

Hand Weapons
 a - a +0 long sword
 j - a +2 falchion (weapon)
Missiles
 f - 181 stones (quivered)
 y - 5 boomerangs
Armour
 c - a +0 buckler (worn)
 l - a +1 ring mail of poison resistance
 n - a +1 pair of boots of flying (worn)
 r - a +0 plate armour
 z - a +4 ring mail of positive energy (worn)
Jewellery
 b - a +6 ring of intelligence
 o - an amulet of faith (around neck)
 p - a +6 ring of intelligence (right hand)
 s - a ring of willpower (left hand)
Scrolls
 e - a scroll of amnesia {unknown}
 h - a scroll of identify
 i - a scroll of enchant weapon {unknown}
 k - a scroll of blinking {unknown}
 m - a scroll of noise {unknown}
 u - a scroll of holy word {unknown}
 v - a scroll of summoning {unknown}
 w - a scroll of vulnerability {unknown}
 A - a scroll of silence {unknown}
 B - a scroll of teleportation {unknown}
Potions
 g - 2 potions of brilliance {unknown}
 q - a potion of haste {unknown}
 t - 2 potions of lignification {unknown}
 x - a potion of resistance {unknown}


   Skills:
 + Level 7.5 Fighting
 + Level 7.0 Long Blades
 + Level 5.1 Throwing
 + Level 7.5 Armour
 - Level 1.4 Dodging
 + Level 7.4 Shields


You had 8 spell levels left.
You didn't know any spells.
Your spell library contained the following spells:

 Spells                   Type           Power      Damage    Failure   Level
 Slow                     Hex            0%         N/A       54%         1
 Confusing Touch          Hex            0%         N/A       88%         3
 Frozen Ramparts          Ice            0%         1d2       88%         3
 Ignite Poison            Fire/Tmut/Pois 0%         N/A       88%         3
 Mephitic Cloud           Conj/Pois/Air  0%         N/A       88%         3
 Vampiric Draining        Necr           0%         2d6       88%         3
 Fireball                 Conj/Fire      0%         3d3       100%        5
 Freezing Cloud           Conj/Ice/Air   0%         6-21      100%        5
 Iskenderun's Battlesphe  Conj           0%         2d6       100%        5
 Conjure Ball Lightning   Conj/Air       0%         3x3d6     100%        6
 Statue Form              Tmut/Erth      0%         N/A       100%        6
 Orb of Destruction       Conj           0%         9d5       100%        7


Dungeon Overview and Level Annotations

Branches:
Dungeon (7/15)              Sewer (visited)
 Temple: D:4-7

Altars:
Fedhas

Shops:
D:6 !

Annotations:
D:6 3 runed translucent doors, Akaron's ghost, novice OpIE


Innate Abilities, Weirdness & Mutations

You have a pair of horns on your head.
You reflexively headbutt those who attack you in melee.


Message History

The orc barely misses you.
You feel better. The orc priest closely misses you.
The orc warrior closely misses you. The orc barely misses you.
You furiously retaliate!
You headbutt the orc!
You kill the orc!
You slash the orc warrior! Your headbutt misses the orc warrior.
The orc warrior is almost dead.
The orc priest hits you with a +0 flail.
* * * LOW HITPOINT WARNING * * *
The orc warrior hits you but does no damage.
You hit the orc warrior.
You kill the orc warrior!
You block the orc priest's attack. The orc priest barely misses you.
Your life force feels restored.
Your Long Blades skill increases to level 7!
The orc priest mumbles some strange prayers to Beogh against you.
Pain shoots through your body!
* * * LOW HITPOINT WARNING * * *
Things that are here:
a +0 trident; a +0 chain mail You hit the orc priest.
The orc priest is lightly wounded.
You barely miss the orc priest.
You headbutt the orc priest, but do no damage.
The orc priest is lightly wounded.
The orc priest hits you with a +0 flail!
* * * LOW HITPOINT WARNING * * *
You hit the orc priest.
The orc priest is lightly wounded.
The orc priest invokes the aid of Beogh against you.
Beogh smites you!
* * * LOW HITPOINT WARNING * * *
Okay, then.
Okay, then.
Sorry, you're not good enough to have a special ability.
You closely miss the orc priest. You headbutt the orc priest!
The orc priest is severely wounded.
The orc priest mumbles some strange prayers to Beogh against you.
Beogh smites you!
You die...

#.##.≈≈.........#.#
+.g#.≈≈..#.....##...
.##.≈≈..#.....# ###
#8.≈≈)##.....#
###≈≈.########
#...#≈≈.##
#.#.#≈≈..##### #
##≈≈.)..).####
≈≈≈≈≈≈≈...@o....#
≈≈≈≈≈≈≈.#.##.##.#
........#.# .#
#########.# # #.#
#.# #.. ##


You could see an orc priest.

Vanquished Creatures
  Pikel (D:6)
  Duvessa (D:6)
  An orc warrior (D:7)
  A sky beast (D:5)
  2 ice beasts
  3 black bears
  4 ogres
  A bullfrog (D:7)
  2 kobold brigands (Sewer)
  Dowan (D:6)
  7 wights
  An orc priest (D:7)
  Crazy Yiuf (D:5)
  Ijyb (D:5)
  2 iguanas (D:6)
  A river rat (Sewer)
  9 adders
  An ufetubus (D:6)
  An adder skeleton (D:4)
  2 dart slugs (D:3)
  8 orcs
  7 endoplasms
  3 giant cockroaches
  5 goblins
  2 hobgoblins (D:1)
  2 jackals (Sewer)
  4 quokkas
  4 ball pythons
  A bat (D:1)
  2 frilled lizards
  9 kobolds
  7 rats
97 creatures vanquished.

Notes
Turn   | Place    | Note
-------+----------+-------------------------------------------
     0 | D:1      | harry2680 the Minotaur Fighter began the quest for the Orb.
     0 | D:1      | Reached XP level 1. HP: 19/19 MP: 0/0
   230 | D:1      | Reached XP level 2. HP: 27/27 MP: 1/1
   983 | D:2      | Reached skill level 1 in Dodging
  1028 | D:2      | Reached XP level 3. HP: 15/33 MP: 2/2
  2010 | D:3      | Found a faded altar of an unknown god.
  2219 | D:3      | Found a glowing drain.
  2236 | D:3      | Reached XP level 4. HP: 39/40 MP: 3/3
  2251 | Sewer    | Entered a sewer
  2332 | Sewer    | Noticed a kobold brigand
  2334 | Sewer    | Noticed a kobold brigand
  2353 | Sewer    | Killed a kobold brigand
  2354 | Sewer    | Reached skill level 1 in Throwing
  2354 | Sewer    | Reached XP level 5. HP: 32/47 MP: 4/4
  2498 | Sewer    | Found a white marble altar of Elyvilon.
  2895 | D:4      | Got the Disquisition on the Glacial Mountains
  3506 | D:4      | Found Vataatil's Distillery.
  3929 | D:5      | Entered Level 5 of the Dungeon
  3949 | D:5      | Noticed an ogre
  3955 | D:5      | Killed an ogre
  3956 | D:5      | Reached skill level 5 in Fighting
  3956 | D:5      | Reached skill level 5 in Armour
  3956 | D:5      | Reached XP level 6. HP: 56/56 MP: 5/5
  4058 | D:5      | Found a blossoming altar of Fedhas.
  4104 | D:5      | Reached skill level 5 in Shields
  4321 | D:5      | Found a runed translucent door.
  4322 | D:5      | Noticed Crazy Yiuf
  4433 | D:5      | Noticed Ijyb
  4437 | D:5      | Killed Ijyb
  4550 | D:5      | Noticed a sky beast
  4566 | D:5      | Killed a sky beast
  4567 | D:5      | Reached XP level 7. HP: 38/61 MP: 6/6
  5007 | D:5      | Killed Crazy Yiuf
  5056 | D:6      | Reached skill level 5 in Long Blades
  5249 | D:6      | Noticed Dowan
  5250 | D:6      | Noticed Duvessa
  5264 | D:6      | Killed Duvessa
  5294 | D:6      | Killed Dowan
  5405 | D:6      | Reached XP level 8. HP: 44/68 MP: 7/7
  5721 | D:6      | Found a runed translucent gate.
  5722 | D:6      | Found a runed translucent gate.
  5723 | D:6      | Found a runed translucent gate.
  5725 | D:6      | Noticed Akaron's ghost (novice OpIE)
  5798 | D:6      | Noticed Pikel
  5816 | D:6      | HP: 2/71 [lemure[Pikel] (8)]
  5821 | D:6      | Killed Pikel
  6117 | D:6      | Found Dizaih Fafea's Distillery.
  6280 | D:6      | Reached XP level 9. HP: 57/79 MP: 8/8
  6472 | D:7      | Reached skill level 5 in Throwing
  6664 | D:7      | Killed from afar by an orc priest

Illustrated notes

Levels and vault maps discovered:
D:1:      minmay_arrival_shattered_statue, layout_loops_ring,
          grunt_decor_fettered, hangedman_feature_mirror
D:2:      layout_loops_ring
D:3:      layout_loops_cross, gup_sewer_entry_glass,
          hellmonk_ecumenical_altar_pennies_from_heaven
D:4:      layout_layer_cave, serial_forest, infiniplex_forest_clump_diagonal,
          infiniplex_forest_straight_2, infiniplex_forest_straight_5,
          infiniplex_forest_clump_double, infiniplex_forest_straight_4,
          infiniplex_forest_lined_room_, infiniplex_forest_end_2, serial_shops,
          nicolae_square_shop, kennysheep_flooded_box
D:5:      layout_basic, fedhas_altar_3, skrybe_limestone_x, uniq_ijyb,
          uniq_crazy_yiuf_cottage
D:6:      layout_cave_pools, gammafunk_ghost_necromancy, enter_ossuary_5,
          nicolae_take_the_stairs, uniq_duvessa, uniq_pikel
D:7:      layout_loops_cross, temple_doors_e, gammafunk_ghost_gnarly_gnolls,
          enter_bailey_6

Skill      XL: |  1  2  3  4  5  6  7  8  9 |
---------------+----------------------------+-----
Dodging        | 1 |  1.4
Fighting       | 4 5 6 7 |  7.5
Long Blades    | 3 4 5 6 7 |  7.0
Armour         | 4 5 6 7 |  7.5
Shields        | 4 5 6 7 |  7.4
Throwing       | 1 2 3 4 5 |  5.1

Action                   |  1- 3 |  4- 6 |  7- 9 || total
-------------------------+-------+-------+-------++-------
Melee: Long sword        |    79 |    93 |   118 ||   290
       Headbutt          |     3 |    12 |    28 ||    43
       Falchion          |       |       |    18 ||    18
Throw: Stone             |       |    10 |     1 ||    11
       Boomerang         |       |       |     1 ||     1
  Use: Potion            |       |     1 |     5 ||     6
       Scroll            |       |     1 |       ||     1
Armor: Scale mail        |    34 |       |       ||    34
       Plate armour      |    16 |    70 |    40 ||   126
       Ring mail         |       |       |    37 ||    37
Dodge: Dodged            |    31 |    32 |    94 ||   157
Block: Buckler           |    14 |    24 |    58 ||    96
